[Event "fics rated crazyhouse match"]
[Site "fics, Oklahoma City, OK USA"]
[Date "2000.10.05"]
[White "BEO"]
[WhiteElo "2196"]
[Black "MyPartner"]
[BlackElo "2365"]
[TimeControl "180+0"]
[Result "0-1"]

1. e4 Nf6 2. e5 Nd5 3. d4 e6 4. Nf3 Bb4+ 5. c3 Be7 6. Be2 
Nc6 7. O-O d6 8. exd6 Bxd6 9. c4 Nf4 10. Bxf4 Bxf4 11. Nc3 P@g4 
12. Ne5 Bxe5 13. dxe5 Qxd1 14. Raxd1 N@f4 15. Bxg4 Q@g5 16. B@f3 Nxe5 17. N@e4 
Nxf3+ 18. Bxf3 Qe7 19. N@g3 B@d3 20. P@e2 Bxe4 21. Ncxe4 P@d5 22. cxd5 exd5 
23. Nc3 P@e4 24. Ncxe4 dxe4 25. Nxe4 B@c6 26. B@c2 Nxe2+ 27. Bxe2 P@b3 28. axb3 
N@f4 29. Bf3 Bxe4 30. Bcxe4 N@e2+ 31. Kh1 N@d4 32. P@g3 Nxf3 33. Bxf3 Nxg2 
34. B@b5+ B@d7 35. Bbxe2 Bh3 36. N@d5 Ne3 37. Nxe3 Bxf1 38. Bxf1 P@c6 39. P@g2 
R@e5 40. N@c4 Rxe3 41. Nxe3 N@f5 42. Nxf5 Bxf5 43. R@e1 N@e4 44. Bxe4 Bxe4 
45. P@f3 B@d5 46. fxe4 Be6 47. P@f5 Bxb3 48. Rd3 Bd5 49. B@f3 O-O 50. N@f4 
Bc4 51. Rdd1 Bxf1 52. Rxf1 P@c2 53. Rd2 Qc5 54. N@d3 c1=Q 55. Nxc1 Qb4 
56. Rc2 Qe7 57. P@f6 Qxf6 58. N@h5 Qg5 59. P@f6 B@d4 60. N@e7+ Kh8 61. fxg7+ 
Bxg7 62. Nxg7 Qxe7 63. f6 Qxf6 64. Nfh5 Qd8 65. Nf5 N@e6 66. P@h6 Kg8 
67. B@g7 f6 68. Q@h8+ Kf7 
{BEO forfeits on time} 0-1

[Event "fics rated crazyhouse match"]
[Site "fics, Oklahoma City, OK USA"]
[Date "2000.10.05"]
[White "MyPartner"]
[WhiteElo "2369"]
[Black "BEO"]
[BlackElo "2192"]
[TimeControl "180+0"]
[Result "1-0"]

1. e4 e6 2. d4 d5 3. exd5 exd5 4. Bb5+ c6 5. Qe2+ Be7 6. Bf4 
cxb5 7. Qxb5+ P@c6 8. Qb3 Na6 9. a3 Nf6 10. P@h6 gxh6 11. Bxh6 Rg8 
12. P@g5 Ne4 13. P@f6 Nxf6 14. gxf6 Bxf6 15. Qe3+ P@e4 16. N@g3 P@g7 17. Nxe4 
dxe4 18. Qxe4+ P@e6 19. Qxh7 Rf8 20. Bxg7 Bxg7 21. Qxg7 B@f6 22. Qxf8+ Kxf8 
23. B@h6+ B@g7 24. R@h8+ Ke7 25. Rxd8 Kxd8 26. Q@g8+ R@e8 27. P@e7+ Kxe7 28. P@d6+ 
Kxd6 29. Qxe8 
{BEO resigns} 1-0

[Event "fics rated crazyhouse match"]
[Site "fics, Oklahoma City, OK USA"]
[Date "2000.10.05"]
[White "BEO"]
[WhiteElo "2188"]
[Black "MyPartner"]
[BlackElo "2373"]
[TimeControl "180+0"]
[Result "1-0"]

1. e4 e6 2. d4 d6 3. Nf3 Nf6 4. Nc3 Nc6 5. Bd3 Ng4 6. O-O 
d5 7. exd5 exd5 8. h3 P@h2+ 9. Nxh2 Nxh2 10. Kxh2 Nxd4 11. Re1+ P@e4 
12. Nxe4 dxe4 13. Rxe4+ N@e6 14. Be3 N@c5 15. Rxd4 Nxd4 16. Bxd4 Nxd3 17. Qxd3 
B@f5 18. P@e4 R@d5 19. P@c3 Rxd4 20. cxd4 Bxh3 21. gxh3 B@e6 22. P@f5 Bxf5 
23. exf5 P@e6 24. R@e2 Bd6+ 25. P@e5 Bxe5+ 26. Rxe5 P@f6 27. Re2 P@f3 28. Qxf3 
Qxd4 29. B@c3 Qd6+ 30. B@g3 Qd8 31. fxe6 Bxe6 32. N@f4 P@e5 33. Nxe6 fxe6 
34. N@h5 N@f5 35. B@g4 P@h4 36. Bxf5 hxg3+ 37. fxg3 Qe7 38. B@a3 B@c6 39. P@e4 
exf5 40. Bxe7 Kxe7 41. Nxg7 Bxe4 42. Rxe4 fxe4 43. N@f5+ Kd8 44. Q@e7+ Kc8 
45. N@d6+ cxd6 46. Nxd6+ Kb8 47. Qxb7# 
{MyPartner checkmated} 1-0

[Event "fics rated crazyhouse match"]
[Site "fics, Oklahoma City, OK USA"]
[Date "2000.10.05"]
[White "MyPartner"]
[WhiteElo "2361"]
[Black "BEO"]
[BlackElo "2200"]
[TimeControl "180+0"]
[Result "0-1"]

1. e4 e6 2. d4 d5 3. exd5 exd5 4. Bb5+ c6 5. Qe2+ Be7 6. Bf4 
cxb5 7. Qxb5+ P@c6 8. Qb3 Na6 9. a3 Nf6 10. P@h6 Rg8 11. hxg7 Rxg7 
12. P@e5 Ne4 13. P@d6 Bh4 14. Bg3 Bxg3 15. hxg3 B@c4 16. Qe3 B@g5 17. B@f4 
Bxf4 18. Qxf4 B@g5 19. Qxe4 dxe4 20. d7+ Qxd7 21. Ne2 Bxe2 22. Kxe2 P@d3+ 
23. Kf1 P@e2+ 24. Kg1 e1=Q+ 25. N@f1 Qxf1+ 26. Kxf1 Q@d1+ 27. B@e1 dxc2 28. B@d2 
Bxd2 29. Nxd2 Qxa1 30. Nxe4 B@d3+ 31. B@e2 Bxe4 32. Bxa6 bxa6 33. N@f6+ Kd8 
34. Nxd7 Qxe1+ 35. Kxe1 c1=Q+ 36. Q@d1 Qxd1+ 37. Kxd1 P@c2+ 38. Ke2 Q@d3+ 39. Ke1 
R@d1# 
{MyPartner checkmated} 0-1

[Event "fics rated crazyhouse match"]
[Site "fics, Oklahoma City, OK USA"]
[Date "2000.10.05"]
[White "BEO"]
[WhiteElo "2211"]
[Black "MyPartner"]
[BlackElo "2350"]
[TimeControl "180+0"]
[Result "1-0"]

1. e4 e6 2. d4 d6 3. Nf3 Nf6 4. Bd3 Nc6 5. O-O Be7 6. Nc3 
Bd7 7. Re1 Ng4 8. h3 Nxf2 9. Kxf2 Bh4+ 10. g3 Bxg3+ 11. Kxg3 P@b4 
12. Ne2 P@c3 13. bxc3 bxc3 14. Nxc3 e5 15. d5 Nb4 16. B@h4 Qb8 17. N@h5 
Rg8 18. P@g4 P@d4 19. Ne2 Nxd3 20. cxd3 B@d8 21. Bxd8 Qxd8 22. B@h4 B@f6 
23. P@g5 Be7 24. Rb1 h6 25. Rxb7 hxg5 26. Bcxg5 Bxg5 27. Bxg5 Qc8 28. P@c6 
Bxc6 29. dxc6 P@f4+ 30. Kg2 P@d7 31. cxd7+ Qxd7 32. N@f6+ gxf6 33. Nxf6+ Kd8 
34. Nxd7+ Kc8 35. Rxc7+ Kxc7 36. Nexd4 R@g3+ 37. Kh2 exd4 38. Bxf4 Rxh3+ 39. Kxh3 
N@f2+ 40. Kg3 Nxd1 41. Bxd6+ Kxd6 42. R@d5+ Kc7 43. B@f4+ P@d6 44. Bxd6+ Kxd7 
45. Q@e7+ Kc6 46. Qc7# 
{MyPartner checkmated} 1-0

[Event "fics rated crazyhouse match"]
[Site "fics, Oklahoma City, OK USA"]
[Date "2000.10.05"]
[White "MyPartner"]
[WhiteElo "2339"]
[Black "BEO"]
[BlackElo "2222"]
[TimeControl "180+0"]
[Result "0-1"]

1. e4 e6 2. d4 d5 3. exd5 exd5 4. Bb5+ c6 5. Qe2+ Be7 6. Bf4 
cxb5 7. Qxb5+ P@c6 8. Qb3 Na6 9. a3 Nf6 10. P@h6 Rg8 11. hxg7 Rxg7 
12. P@e5 Ne4 13. P@d6 Bh4 14. Bg3 Bxg3 15. hxg3 B@c4 16. Qf3 Bg4 17. Qf4 
B@g5 18. e6 Bxf4 19. B@d7+ Kf8 20. e7+ Qxe7 21. dxe7+ Kxe7 22. Q@h4+ Kxd7 
23. Qxg4+ Rxg4 24. Ne2 Bxe2 25. B@f5+ P@e6 26. Bxe6+ fxe6 27. Rxh7+ P@e7 28. Kxe2 
N@c1+ 29. Kf1 P@e2+ 30. Kg1 e1=Q+ 31. B@f1 Qxf1+ 32. Kxf1 Q@e2# 
{MyPartner forfeits on time} 0-1

[Event "fics rated crazyhouse match"]
[Site "fics, Oklahoma City, OK USA"]
[Date "2000.10.05"]
[White "BEO"]
[WhiteElo "2233"]
[Black "MyPartner"]
[BlackElo "2328"]
[TimeControl "180+0"]
[Result "0-1"]

1. e4 Nf6 2. Nc3 d5 3. exd5 Nxd5 4. Nxd5 Qxd5 5. Nf3 Bg4 6. Be2 
e5 7. d3 P@h3 8. gxh3 N@g2+ 9. Kf1 Bxh3 10. Kg1 P@g4 11. Ng5 Ne3 
12. P@e4 Nxd1 13. N@e1 Qa5 14. P@c3 Nxc3 15. bxc3 Qxc3 
{BEO resigns} 0-1

[Event "fics rated crazyhouse match"]
[Site "fics, Oklahoma City, OK USA"]
[Date "2000.10.05"]
[White "MyPartner"]
[WhiteElo "2334"]
[Black "BEO"]
[BlackElo "2227"]
[TimeControl "180+0"]
[Result "1-0"]

1. e4 e6 2. d4 d6 3. Nf3 Nf6 4. Nc3 Nc6 5. d5 exd5 6. exd5 
Nb4 7. Be2 Be7 8. P@a3 Na6 9. Bxa6 bxa6 10. N@c6 Qd7 11. Be3 O-O 
12. Nxa7 P@c5 13. P@c6 Qg4 14. Nxc8 Raxc8 15. B@h3 Qh5 16. Bxc8 Rxc8 17. R@g5 
Qxg5 18. Bxg5 B@h5 19. Q@e2 R@e5 20. Nxe5 Bxe2 21. Qxe2 dxe5 22. Qxe5 B@d6 
23. Bxf6 Bxf6 24. N@h6+ gxh6 25. R@g4+ N@g6 26. Rxg6+ hxg6 27. Qxf6 B@g7 28. P@h7+ 
Kxh7 29. Qxf7 R@e7+ 30. Qxe7 Bxe7 31. R@e2 N@f5 32. Rxe7 Nxe7 33. P@d7 Rf8 
34. N@e4 Bxc3+ 35. Nxc3 R@e5+ 36. B@e2 N@d4 37. B@d3 Nxe2 38. Bxe2 N@f4 39. B@f3 
B@c4 40. N@e6 Nxe6 41. dxe6 Bxe6 42. N@d3 Rxe2+ 43. Bxe2 N@d4 44. Nxc5 Nxc2+ 
45. Kd1 Nxa1 46. Nxe6 P@c2+ 47. Kc1 R@b1+ 48. Nxb1 cxb1=Q+ 49. Kxb1 P@c2+ 50. Kxa1 
Q@b1+ 51. Rxb1 cxb1=Q+ 52. Kxb1 N@d2+ 53. Kc1 Q@b1+ 54. Kxd2 Qxb2+ 55. R@c2 R@c3 
56. Q@g7# 
{BEO checkmated} 1-0

[Event "fics rated crazyhouse match"]
[Site "fics, Oklahoma City, OK USA"]
[Date "2000.10.06"]
[White "LSS"]
[WhiteElo "2413"]
[Black "spurs"]
[BlackElo "2234"]
[TimeControl "180+0"]
[Result "0-1"]

1. e4 e6 2. d4 d5 3. exd5 exd5 4. Bb5+ Bd7 5. Qe2+ Qe7 6. Bxd7+ 
Nxd7 7. Nc3 Qxe2+ 8. Ngxe2 Bb4 9. B@h3 P@e6 10. O-O Bxc3 11. Nxc3 N@e4 
12. Nxd5 exd5 13. Bxd7+ Kf8 14. B@h4 B@e7 15. N@g5 N@e2+ 16. Kh1 Q@h5 17. P@g3 
Ngf6 18. P@g4 Nxg4 19. Bxg4 Qxg4 20. N@e5 N2xg3+ 21. hxg3 P@e2 22. Be3 exf1=Q+ 
23. Rxf1 Bxg5 24. N@d7+ Kg8 25. Nxg4 P@e2 26. Rg1 Bxh4 27. gxh4 R@f1 28. Ngf6+ 
gxf6 29. Q@g7+ Kxg7 30. B@h6+ Kg6 31. Q@g7+ Kf5 32. g4+ Ke6 33. Qxf6+ Nxf6 
34. Nc5+ Ke7 
{LSS resigns} 0-1

[Event "fics rated crazyhouse match"]
[Site "fics, Oklahoma City, OK USA"]
[Date "2000.10.06"]
[White "spurs"]
[WhiteElo "2246"]
[Black "LSS"]
[BlackElo "2401"]
[TimeControl "180+0"]
[Result "1-0"]

1. d4 e6 2. Nf3 d5 3. Bg5 Be7 4. Bxe7 Nxe7 5. e3 O-O 6. Nc3 
Nd7 7. Bd3 Nf6 8. h4 B@e4 9. Bxe4 Nxe4 10. B@d3 f5 11. Bxe4 fxe4 
12. Ng5 Nf5 13. Qh5 B@h6 14. B@f7+ Kh8 15. N@g6+ hxg6 16. Qxg6 N@f6 17. Qxf5 
Rxf7 18. Nxf7+ Kg8 19. Nxd8 B@e8 20. P@h7+ Nxh7 21. N@e7# 
{LSS resigns} 1-0

[Event "fics rated crazyhouse match"]
[Site "fics, Oklahoma City, OK USA"]
[Date "2000.10.06"]
[White "LSS"]
[WhiteElo "2390"]
[Black "spurs"]
[BlackElo "2257"]
[TimeControl "180+0"]
[Result "1-0"]

1. e4 e6 2. d4 d5 3. exd5 exd5 4. Bb5+ Bd7 5. Qe2+ Qe7 6. Bxd7+ 
Nxd7 7. Nc3 Qxe2+ 8. Ngxe2 Bb4 9. B@h3 P@e6 10. O-O Ngf6 11. Nf4 Bxc3 
12. bxc3 N@g5 13. B@a3 B@f8 14. Bxf8 Nxf8 15. Ba3 B@d6 16. Bxd6 cxd6 17. P@e5 
dxe5 18. dxe5 Nxh3+ 19. Nxh3 B@c7 20. P@d6 Bb6 21. Q@e7# 
{spurs checkmated} 1-0

[Event "fics rated crazyhouse match"]
[Site "fics, Oklahoma City, OK USA"]
[Date "2000.10.06"]
[White "spurs"]
[WhiteElo "2252"]
[Black "LSS"]
[BlackElo "2395"]
[TimeControl "180+0"]
[Result "0-1"]

1. d4 Nf6 2. Nf3 d5 3. Bg5 Ne4 4. Bh4 Nc6 5. Nbd2 Rg8 6. e3 
g5 7. Bg3 Bg4 8. Bb5 a6 9. Bxc6+ bxc6 10. N@e5 B@d7 11. Nxf7 Kxf7 
12. Ne5+ Kg7 13. Nxg4 Nxd2 14. Be5+ N@f6 15. Bxf6+ exf6 16. B@h6+ Kf7 17. Bxf8 
Qxf8 18. N@h6+ Kg7 19. Qxd2 Bxg4 20. Nxg4 B@f7 21. B@h6+ Kh8 22. Bxf8 Raxf8 
23. P@h6 N@f5 24. Nxf6 N@h4 25. Rg1 Nxh6 26. P@e7 B@g7 27. exf8=Q Rxf8 28. B@e7 
B@d6 29. N@e5 Bxe7 30. Nxf7+ Nxf7 31. R@g8+ Rxg8 32. Nxg8 Kxg8 33. R@e8+ B@f8 
34. B@e6 N@h6 35. Qe2 N@e4 36. Bxf7+ Nxf7 37. N@c8 B@f6 38. Q@d7 P@d2+ 39. Kf1 
Ng6 40. Nxe7+ Bxe7 41. B@d1 R@c1 42. Rxc1 dxc1=Q 43. R@d3 Qxb2 44. Qxc6 Qb5 
45. Qxb5 axb5 46. P@e6 P@c4 47. exf7+ Kxf7 48. Rxf8+ Kxf8 49. N@d7+ Ke8 50. Nc5 
Bxc5 51. dxc5 cxd3 52. B@c6+ P@d7 53. Bxd7+ Kxd7 54. c6+ Kxc6 55. cxd3 Kb6 
56. P@c5+ Nxc5 57. P@a5+ Kxa5 58. B@c3+ Kb6 59. Ba5+ Kxa5 60. P@b4+ Kb6 61. Qc2 
Nb3 62. Ke2 Kb7 63. Qd2 Kc8 64. Ke1 Kd8 65. Ke2 Nxd2 66. f3 Ne4 
67. dxe4 Ke7 68. Kd3 Kd6 
{spurs forfeits on time} 0-1

[Event "fics rated crazyhouse match"]
[Site "fics, Oklahoma City, OK USA"]
[Date "2000.10.06"]
[White "pminear"]
[WhiteElo "2458"]
[Black "CDay"]
[BlackElo "2089"]
[TimeControl "60+0"]
[Result "0-1"]

1. e4 e6 2. Nc3 d5 3. exd5 exd5 4. Bb5+ c6 5. Qe2+ Be7 6. Ba4 
Na6 7. d4 Nf6 8. Bf4 P@c7 9. Nf3 Bg4 10. Rg1 h6 11. h3 Bf5 
12. Ne5 O-O 13. Bxc6 bxc6 14. Nxc6 Qe8 15. Nxe7+ Kh8 16. B@c6 Nb4 17. Bxe8 
Nxc2+ 18. Kf1 B@d3 19. Nxf5 Bxe2+ 20. Nxe2 P@d3 21. B@f3 dxe2+ 22. Bxe2 Raxe8 
23. B@g3 Rxe2 24. Bxh6 Q@e1+ 25. Rxe1 Rxe1# 
{pminear checkmated} 0-1

[Event "fics rated crazyhouse match"]
[Site "fics, Oklahoma City, OK USA"]
[Date "2000.10.06"]
[White "CDay"]
[WhiteElo "2103"]
[Black "pminear"]
[BlackElo "2444"]
[TimeControl "60+0"]
[Result "0-1"]

1. e4 e5 2. Nf3 Nc6 3. Bc4 Bc5 4. d3 Nf6 5. O-O O-O 6. Be3 
Bxe3 7. fxe3 B@h6 8. B@g5 Bxg5 9. Nxg5 B@b6 10. B@f2 d5 11. exd5 Nxd5 
12. Nf3 Nxe3 13. Qe2 Nxf1 14. Qxf1 P@e3 15. Bh4 e2# 
{CDay resigns} 0-1

[Event "fics rated crazyhouse match"]
[Site "fics, Oklahoma City, OK USA"]
[Date "2000.10.06"]
[White "pminear"]
[WhiteElo "2446"]
[Black "CDay"]
[BlackElo "2101"]
[TimeControl "60+0"]
[Result "1-0"]

1. e4 e6 2. Nc3 d5 3. exd5 exd5 4. Bb5+ Nc6 5. Nf3 Be7 6. Ne5 
Bd7 7. Nxd7 Qxd7 8. Bxc6 bxc6 9. N@e5 Qe6 10. B@d7+ Qxd7 11. Nxd7 Kxd7 
12. Q@b7 Re8 13. P@b5 Bc5+ 14. Ne2 Bxf2+ 15. Kxf2 N@g4+ 16. Kf1 N@e3+ 17. dxe3 
{CDay resigns} 1-0

[Event "fics rated crazyhouse match"]
[Site "fics, Oklahoma City, OK USA"]
[Date "2000.10.06"]
[White "CDay"]
[WhiteElo "2099"]
[Black "pminear"]
[BlackElo "2448"]
[TimeControl "60+0"]
[Result "0-1"]

1. e4 e5 2. Nf3 Nc6 3. Bc4 Bc5 4. O-O Nf6 5. c3 Nxe4 6. d4 
d5 7. dxc5 dxc4 8. Qxd8+ Nxd8 9. Nxe5 B@d3 10. Nxd3 cxd3 11. Re1 N@e2+ 
12. Kh1 Nxf2# 
{CDay checkmated} 0-1

[Event "fics rated crazyhouse match"]
[Site "fics, Oklahoma City, OK USA"]
[Date "2000.10.06"]
[White "pminear"]
[WhiteElo "2450"]
[Black "CDay"]
[BlackElo "2097"]
[TimeControl "60+0"]
[Result "1-0"]

1. e4 d5 2. exd5 e6 3. Bb5+ c6 4. dxc6 Nxc6 5. d4 Bb4+ 6. c3 
Bd6 7. Nf3 Nf6 8. P@e5 Bxe5 9. Nxe5 O-O 10. Bxc6 bxc6 11. Nxc6 Qd5 
12. Ne7+ Kh8 13. Nxd5 exd5 14. P@h6 Rg8 15. hxg7+ Rxg7 16. B@f8 N@f5 17. P@h6 
Ba6 18. hxg7+ Nxg7 19. Bxg7+ Kxg7 
{CDay resigns} 1-0

[Event "fics rated crazyhouse match"]
[Site "fics, Oklahoma City, OK USA"]
[Date "2000.10.06"]
[White "pminear"]
[WhiteElo "2452"]
[Black "Fudpucker"]
[BlackElo "2147"]
[TimeControl "60+0"]
[Result "1-0"]

1. e4 e6 2. Nc3 Nc6 3. d4 Nf6 4. e5 Nd5 5. Nxd5 exd5 6. Nf3 
d6 7. Bb5 Be7 8. Qe2 b6 9. Bxc6+ Bd7 10. Bxd5 O-O 11. P@h6 gxh6 
12. Bxh6 P@e6 13. Bxa8 Qxa8 14. P@g7 Re8 15. R@h8# 
{Fudpucker checkmated} 1-0

[Event "fics rated crazyhouse match"]
[Site "fics, Oklahoma City, OK USA"]
[Date "2000.10.06"]
[White "Fudpucker"]
[WhiteElo "2145"]
[Black "pminear"]
[BlackElo "2454"]
[TimeControl "60+0"]
[Result "0-1"]

1. e4 e5 2. Nf3 Nc6 3. Be2 Bc5 4. d3 Nf6 5. O-O d5 6. Nc3 
dxe4 7. Nxe4 Nxe4 8. dxe4 P@h3 9. N@h5 Qxd1 10. Rxd1 N@d4 11. Nxg7+ Kd8 
12. Bg5+ Be7 13. Bxe7+ Nxe7 14. B@f6 B@d6 15. Bxe7+ Bxe7 16. Nxe5 B@e6 17. Rxd4+ 
Bcd7 18. Nxe6+ Kc8 19. P@a6 Rb8 20. axb7+ Rxb7 21. B@a6 Bc6 22. Nxc6 hxg2 
23. Nxe7+ Kb8 24. N@c6+ Ka8 25. Bxb7+ Kxb7 26. Q@a6+ Ka8 27. N@d7 Q@h1# 
{Fudpucker checkmated} 0-1

[Event "fics rated crazyhouse match"]
[Site "fics, Oklahoma City, OK USA"]
[Date "2000.10.06"]
[White "pminear"]
[WhiteElo "2456"]
[Black "Fudpucker"]
[BlackElo "2143"]
[TimeControl "60+0"]
[Result "1-0"]

1. e4 e6 2. Nc3 Nc6 3. d4 Nf6 4. e5 Nd5 5. Nxd5 exd5 6. Nf3 
d6 7. Bb5 Be7 8. N@h5 O-O 9. Bxc6 bxc6 10. Nxg7 f6 11. Nh5 Bg4 
12. N@h6# 
{Fudpucker resigns} 1-0

[Event "fics rated crazyhouse match"]
[Site "fics, Oklahoma City, OK USA"]
[Date "2000.10.06"]
[White "Fudpucker"]
[WhiteElo "2141"]
[Black "pminear"]
[BlackElo "2458"]
[TimeControl "60+0"]
[Result "1-0"]

1. e4 e5 2. Nf3 Nc6 3. Be2 Bc5 4. d3 Nf6 5. O-O O-O 6. Nc3 
d6 7. Bg5 Bg4 8. Bxf6 Qxf6 9. Nd5 Qd8 10. c3 B@h5 11. h3 Be6 
12. N@g5 Bxd5 13. exd5 Ne7 14. B@h4 Nxd5 15. Nxf7 Rxf7 16. Bxd8 Rxd8 17. Ng5 
P@h2+ 18. Kxh2 B@f4+ 19. P@g3 Bxg5 20. Bxh5 N@g6 21. B@e6 N@h6 22. Bxd5 N@f6 
23. Bxf7+ Nxf7 24. Bxg6 hxg6 25. N@e4 Nxe4 26. dxe4 B@f4 27. P@e6 Nh6 28. gxf4 
exf4 29. B@f7+ Kh8 30. R@h7+ Kxh7 31. Bxg6+ Kxg6 32. P@f5+ Kh7 33. Q@g6+ Kh8 
34. Qxh6+ Bxh6 35. N@g6+ Kg8 36. N@e7+ Kh7 37. N@f8+ Rxf8 38. Nxf8+ Kh8 39. R@h7# 
{pminear checkmated} 1-0

[Event "fics rated crazyhouse match"]
[Site "fics, Oklahoma City, OK USA"]
[Date "2000.10.06"]
[White "pminear"]
[WhiteElo "2444"]
[Black "Fudpucker"]
[BlackElo "2155"]
[TimeControl "60+0"]
[Result "1-0"]

1. e4 e6 2. Nc3 Nc6 3. d4 Nf6 4. e5 Nd5 5. Nxd5 exd5 6. Nf3 
d6 7. Bb5 Bg4 8. N@b4 Qd7 9. Nxd5 dxe5 10. Bxc6 bxc6 11. N@f6+ gxf6 
12. Nxf6+ Kd8 13. Nxd7 Kxd7 14. Nxe5# 
{Fudpucker resigns} 1-0

[Event "fics rated crazyhouse match"]
[Site "fics, Oklahoma City, OK USA"]
[Date "2000.10.06"]
[White "Fudpucker"]
[WhiteElo "2152"]
[Black "pminear"]
[BlackElo "2447"]
[TimeControl "60+0"]
[Result "0-1"]

1. e4 e5 2. Nf3 Nc6 3. Be2 Nf6 4. d3 d5 5. O-O dxe4 6. dxe4 
Qxd1 7. Rxd1 Nxe4 8. Nc3 Nxc3 9. bxc3 P@h3 10. Bb5 N@d6 11. Nxe5 hxg2 
12. N@g3 P@d7 13. Nxc6 bxc6 14. Be2 N@e4 15. Re1 Nxg3 16. fxg3 Q@h1+ 17. Kf2 
N@h3+ 18. Ke3 Qxe1 19. Bd2 g1=Q+ 20. Kd3 P@c4# 
{Fudpucker checkmated} 0-1

[Event "fics rated crazyhouse match"]
[Site "fics, Oklahoma City, OK USA"]
[Date "2000.10.06"]
[White "pminear"]
[WhiteElo "2449"]
[Black "Fudpucker"]
[BlackElo "2149"]
[TimeControl "60+0"]
[Result "1-0"]

1. e4 Nf6 2. Nc3 d5 3. exd5 Nxd5 4. d4 Nc6 5. Bd3 e6 6. Nf3 
Bb4 7. Bd2 Bxc3 8. bxc3 N@f4 9. Rg1 Nxd3+ 10. cxd3 B@b2 11. N@h5 Rg8 
12. B@e4 P@f5 13. Bxd5 exd5 14. Qe2+ B@e4 15. Rb1 Ba3 16. dxe4 fxe4 17. B@a4 
Bg4 18. Nf4 P@e6 19. N@e5 exf3 20. gxf3 Bxf3 21. Qxf3 P@e4 22. Qh5 N@f3+ 
23. Nxf3 exf3 24. Qxh7 Rf8 25. N@e5 N@d7 26. Nxf3 Qe7 27. Rxb7 Rb8 28. Bxc6 
Rxb7 29. Bxb7 R@b1+ 30. Qxb1 Qd8 31. B@c6 Ke7 32. Bxd7 Qxd7 33. N@c6+ Qxc6 
34. P@f6+ gxf6 35. Bxc6 Rd8 36. Q@f8+ Rxf8 37. R@d7# 
{Fudpucker forfeits on time} 1-0

[Event "fics rated crazyhouse match"]
[Site "fics, Oklahoma City, OK USA"]
[Date "2000.10.06"]
[White "Fudpucker"]
[WhiteElo "2147"]
[Black "pminear"]
[BlackElo "2451"]
[TimeControl "60+0"]
[Result "0-1"]

1. e4 e5 2. Nf3 Nc6 3. Be2 Nf6 4. d3 d5 5. exd5 Nxd5 6. O-O 
P@h3 7. gxh3 Bxh3 8. Nc3 Bxf1 9. Bxf1 Nxc3 10. bxc3 R@g6+ 11. P@g3 P@g4 
12. Nh4 Qxh4 13. gxh4 N@h3+ 14. Bxh3 gxh3+ 15. P@g3 B@g2 16. Be3 N@f3+ 17. Qxf3 
Bxf3 18. B@h1 Bxh1 19. N@e1 Bd5 20. f3 Q@e2 21. Q@f2 Qxf2+ 22. Bxf2 Bxf3 
23. Nxf3 Q@g2# 
{Fudpucker checkmated} 0-1

[Event "fics rated crazyhouse match"]
[Site "fics, Oklahoma City, OK USA"]
[Date "2000.10.06"]
[White "pminear"]
[WhiteElo "2453"]
[Black "Fudpucker"]
[BlackElo "2145"]
[TimeControl "60+0"]
[Result "1-0"]

1. e4 e6 2. Nc3 Nc6 3. d4 Nf6 4. e5 Nd5 5. Nxd5 exd5 6. Nf3 
d6 7. Bb5 Bg4 8. N@b4 dxe5 9. Nxc6 bxc6 10. Bxc6+ P@d7 11. Bxd5 c6 
12. Bxf7+ Kxf7 13. Nxe5+ Ke7 14. Qxg4 B@e6 15. Qh4+ N@f6 16. P@g5 N@f5 17. gxf6+ 
gxf6 18. N@g6+ hxg6 19. Nxg6+ Kd6 20. Bf4+ P@e5 21. dxe5+ fxe5 22. Bxe5+ Kc5 
23. N@a4+ Kb5 24. B@e2+ P@c4 25. Qxh8 d6 26. Qxf8 Qxf8 27. Nxf8 Rxf8 28. P@b3 
{Fudpucker forfeits on time} 1-0

[Event "fics rated crazyhouse match"]
[Site "fics, Oklahoma City, OK USA"]
[Date "2000.10.06"]
[White "Fudpucker"]
[WhiteElo "2143"]
[Black "pminear"]
[BlackElo "2455"]
[TimeControl "60+0"]
[Result "0-1"]

1. e4 e5 2. Nf3 Nc6 3. Nc3 Bc5 4. Be2 Nf6 5. d3 d6 6. O-O 
Bg4 7. Bg5 Bxf3 8. Bxf3 Nd4 9. B@g4 c6 10. Nd5 cxd5 11. exd5 Nxf3+ 
12. Bxf3 B@e7 13. P@e6 fxe6 14. dxe6 O-O 15. P@f7+ Kh8 16. N@h6 N@d4 17. c3 
Nxf3+ 18. Qxf3 B@c6 19. N@e4 Nxe4 20. Bxe7 Qxe7 21. dxe4 N@g5 22. Qg4 B@g6 
23. B@d5 gxh6 24. N@h5 P@g7 25. Nxg7 Bxd5 26. exd5 B@f6 27. Nh5 Bxh5 28. Qxh5 
N@g7 29. Qxh6 N@f5 30. Qh5 N@e2+ 31. Qxe2 Bxf2+ 32. Rxf2 N5xe6 
{Fudpucker forfeits on time} 0-1

[Event "fics rated crazyhouse match"]
[Site "fics, Oklahoma City, OK USA"]
[Date "2000.10.06"]
[White "pminear"]
[WhiteElo "2457"]
[Black "Fudpucker"]
[BlackElo "2141"]
[TimeControl "60+0"]
[Result "1-0"]

1. e4 e5 2. Nc3 Nc6 3. Nf3 Nf6 4. Bc4 Be7 5. d3 O-O 6. O-O 
d6 7. h3 Nd4 8. Nxd4 exd4 9. Ne2 c5 10. Ng3 N@e5 11. N@f5 Bxf5 
12. Nxf5 d5 13. exd5 Nxd5 14. Bxd5 Qxd5 15. Nxe7+ Kh8 16. Nxd5 B@c6 17. P@f6 
N@e8 18. B@h6 Bxd5 19. fxg7+ Nxg7 20. Bxg7+ Kxg7 21. N@h5+ Kg6 22. Q@g7+ Kf5 
23. Qf6# 
{Fudpucker checkmated} 1-0

[Event "fics rated crazyhouse match"]
[Site "fics, Oklahoma City, OK USA"]
[Date "2000.10.06"]
[White "Fudpucker"]
[WhiteElo "2139"]
[Black "pminear"]
[BlackElo "2459"]
[TimeControl "60+0"]
[Result "1-0"]

1. e4 e5 2. Nf3 Nc6 3. Be2 Nf6 4. Nc3 Bb4 5. d3 d5 6. exd5 
Nxd5 7. Bd2 P@d4 8. Nxd5 Bxd2+ 9. Qxd2 Qxd5 10. B@e4 Qd8 11. Bxc6+ bxc6 
12. Nxe5 B@g5 13. P@f4 B@c3 14. bxc3 dxc3 15. Qxc3 Bxf4 16. Nxc6 P@d2+ 17. Kf1 
N@d5 18. Qxg7 Rf8 19. Nxd8 P@b2 20. Qxb2 Kxd8 21. B@c6 N@e3+ 22. fxe3 Nxe3+ 
23. Kf2 P@e7 24. Bxa8 Ng4+ 25. Bxg4 Bxg4 26. R@b8+ B@c8 27. Rxc8+ Bxc8 28. N@c6+ 
Kd7 29. N@e5+ Bxe5 30. Nxe5+ Ke6 31. B@f5+ Kxf5 32. Q@g4# 
{pminear forfeits on time} 1-0

[Event "fics rated crazyhouse match"]
[Site "fics, Oklahoma City, OK USA"]
[Date "2000.10.06"]
[White "pminear"]
[WhiteElo "2445"]
[Black "Fudpucker"]
[BlackElo "2153"]
[TimeControl "60+0"]
[Result "1-0"]

1. e4 e6 2. Nc3 d5 3. exd5 exd5 4. Bb5+ c6 5. Be2 Bd6 6. d4 
Nf6 7. P@e5 Ne4 8. Nxe4 dxe4 9. exd6 Qxd6 10. B@e5 Qxe5 11. dxe5 O-O 
12. N@h6+ gxh6 13. Bxh6 N@e6 14. Qd6 P@d2+ 15. Kxd2 B@a5+ 16. c3 N@g5 17. Qxf8+ 
Nxf8 18. Q@g7# 
{Fudpucker checkmated} 1-0

[Event "fics rated crazyhouse match"]
[Site "fics, Oklahoma City, OK USA"]
[Date "2000.10.06"]
[White "Fudpucker"]
[WhiteElo "2150"]
[Black "pminear"]
[BlackElo "2448"]
[TimeControl "60+0"]
[Result "0-1"]

1. e4 e5 2. Nf3 Nc6 3. Nc3 Nf6 4. Be2 d5 5. exd5 Nxd5 6. d3 
Nxc3 7. Bd2 Nxd1 8. Rxd1 P@g4 9. Ng5 N@h4 10. Rg1 Bc5 11. Nxf7 Kxf7 
12. P@h5 N@f4 13. Bxf4 exf4 14. P@g6+ hxg6 15. hxg6+ Nxg6 
{Fudpucker resigns} 0-1

[Event "fics rated crazyhouse match"]
[Site "fics, Oklahoma City, OK USA"]
[Date "2000.10.06"]
[White "pminear"]
[WhiteElo "2450"]
[Black "Fudpucker"]
[BlackElo "2148"]
[TimeControl "60+0"]
[Result "1-0"]

1. e4 e6 2. Nc3 d5 3. exd5 exd5 4. Nf3 Nf6 5. Bb5+ c6 6. Be2 
Bg4 7. Ne5 Bxe2 8. Qxe2 Be7 9. P@e6 fxe6 10. B@f7+ Kf8 11. Bxe6 B@g6 
12. P@g5 Ne8 13. Nxg6+ hxg6 14. B@f7 P@h7 15. Bxe8 Qxe8 16. N@c7 Na6 17. Nxe8 
N@d8 18. Nxg7 Kxg7 19. P@f6+ Bxf6 20. Q@h6# 
{Fudpucker checkmated} 1-0